Map: Blackpink LE

Players

SpeCial

  • Race: Terran Terran
  • Spawn Location: 7:00

Snute - Winner!

  • Race: Zerg Zerg
  • Spawn Location: 1:00

Event: IEM Season 12 - Katowice

VOD

Have the link to the VOD?

Description

Time

  • Played on: Feb. 27, 2018, 8:49 a.m.
  • Length: 17:10

All games in this series

Show
View Real Time Build Order
Export as new Build Order

SpeCial Terran 

Build Orders: Liberator Opening, Reaper Expand, Bio Tank 

Get SALT Encoding   

  12  0:00  SCV  
  13  0:12  SCV  
  14  0:17  Supply Depot  
  14  0:24  SCV  
  15  0:38  SCV  
  15  0:39  Barracks  
  16  0:44  Refinery  
  16  0:50  SCV  
  17  1:03  SCV  
  18  1:15  SCV  
  19  1:27  Reaper, Orbital Command  
  20  1:38  Command Center  
  20  1:49  Supply Depot  
  20  1:53  SCV  
  21  1:59  Marine  
  22  2:04  Factory  
  22  2:08  SCV  
  23  2:16  Refinery  
  23  2:20  SCV  
  23  2:22  Barracks Reactor  
  24  2:32  SCV  
  24  2:33  Engineering Bay  
  26  2:44  SCV  
  26  2:52  Orbital Command  
  26  2:53  Starport  
  26  2:56  SCV  
  27  3:04  Hellion  
  29  3:07  Hellion  
  29  3:08  SCV  
  29  3:10  Barracks Tech Lab  
  32  3:17  SCV  
  33  3:24  Liberator  
  33  3:26  Hellion, SCV  
  36  3:28  Hellion  
  36  3:29  SCV  
  39  3:38  SCV  
  40  3:41  SCV  
  44  3:48  Supply Depot  
  44  3:50  SCV  
  44  3:53  SCV  
  46  4:04  SCV  
  46  4:10  Supply Depot, SCV, Hellion x2  
  46  4:13  Stimpack, Marine  
  46  4:16  SCV  
  53  4:24  Command Center  
  53  4:29  SCV  
  54  4:32  SCV  
  54  4:33  Marine  
  54  4:35  Supply Depot  
  56  4:41  SCV  
  56  4:44  SCV  
  56  4:45  Starport Reactor  
  58  4:46  Factory Tech Lab  
  58  4:47  Barracks  
  58  4:51  Marine, Barracks  
  59  4:54  SCV  
  59  4:56  Supply Depot, SCV  
  61  5:06  SCV, Siege Tank  
  65  5:07  Engineering Bay  
  65  5:08  SCV  
  65  5:09  Marine, Engineering Bay  
  61  5:18  SCV  
  61  5:20  SCV  
  56  5:21  Refinery x2  
  56  5:27  Marine  
  57  5:30  SCV  
  57  5:32  SCV  
  57  5:34  Starport Reactor, Terran Infantry Armor Level 1, Terran Infantry Weapons Level 1  
  59  5:36  Orbital Command  
  59  5:40  Marine x2  
  59  5:42  Siege Tank  
  64  5:43  SCV  
  64  5:45  Marine  
  66  5:50  Marine x2  
  66  5:53  SCV  
  69  5:57  Orbital Command  
  69  5:58  SCV, Marine x2  
  69  6:02  Marine  
  73  6:08  Supply Depot, Marine x2  
  73  6:11  Medivac x2  
  77  6:12  SCV x2  
  77  6:16  Siege Tank, Marine x2  
  86  6:19  Combat Shields  
  86  6:20  Marine  
  86  6:23  SCV  
  86  6:24  SCV x2  
  90  6:25  Marine  
  90  6:26  Marine  
  90  6:31  Supply Depot  
  92  6:33  Marine  
  92  6:34  Supply Depot, Marine  
  92  6:35  SCV, Liberator  
  92  6:36  SCV  
  92  6:38  SCV, Marine  
  98  6:41  Medivac  
  100  6:48  SCV  
  100  6:49  Barracks x2  
  100  6:52  Marine x3  
  100  6:53  SCV  
  108  6:54  Supply Depot  
  108  6:55  SCV  
  108  6:56  Supply Depot  
  108  6:57  Marine  
  108  7:00  SCV  
  107  7:11  Marine x3  
  107  7:12  Marine  
  107  7:13  SCV x2  
  108  7:16  Medivac  
  108  7:21  SCV  
  108  7:22  Supply Depot, Refinery  
  111  7:25  Marine, SCV, Factory, Refinery  
  111  7:29  Marine x2  
  115  7:31  Siege Tank, Armory  
  115  7:35  Medivac  
  120  7:37  SCV  
  120  7:44  Marine x2  
  121  7:45  Barracks Reactor  
  121  7:46  Barracks Reactor  
  121  7:48  SCV  
  121  7:49  SCV  
  119  7:53  Marine  
  118  8:00  Marine x2  
  118  8:01  SCV  
  118  8:03  Supply Depot, Marine x2, Command Center  
  118  8:04  Siege Tank  
  126  8:12  Factory Tech Lab  
  126  8:15  Marine, Barracks  
  126  8:16  Barracks  
  126  8:17  Barracks  
  126  8:18  Marine x2  
  126  8:19  Terran Infantry Weapons Level 2  
  129  8:20  Terran Infantry Armor Level 2  
  129  8:21  Marine  
  129  8:22  Marine x3  
  133  8:31  Terran Vehicle Weapons Level 1  
  133  8:34  Marine  
  134  8:39  Marine x2  
  134  8:40  Siege Tank, Marine x2, Marauder  
  143  8:42  Medivac x2  
  143  8:44  Supply Depot  
  143  8:45  Supply Depot  
  144  8:50  Siege Tank, Marine x2  
  144  8:52  Marine  
  144  8:53  Marine  
  140  8:57  Marine x2  
  140  8:58  Marine x2  
  140  9:01  Marine  
  145  9:04  Barracks Reactor, Barracks Tech Lab  
  145  9:07  Barracks Tech Lab  
  145  9:08  Marine x2  
  145  9:09  Ghost Academy  
  146  9:12  SCV x3  
  146  9:13  Siege Tank  
  146  9:14  Marine x2  
  154  9:19  Marauder  
  154  9:20  Planetary Fortress  
  154  9:23  Supply Depot  
  156  9:25  Siege Tank  
  156  9:26  Marine x3, Marauder  
  163  9:35  Marine x2  
  163  9:36  Marine x3, Marauder  
  161  9:49  Medivac x2  
  161  9:50  Marine x4, Marauder  
  161  9:51  Marine  
  169  9:54  Marine, Marauder  
  169  9:56  Refinery x2  
  172  10:01  Marine, Marauder  
  172  10:02  Liberator  
  172  10:05  Marine, Liberator  
  175  10:08  Marine  
  175  10:09  Marine  
  175  10:10  Concussive Shells  
  175  10:12  Marauder  
  175  10:13  SCV x3  
  182  10:16  Command Center, Marauder  
  186  10:23  Supply Depot  
  184  10:38  Marauder  
  184  10:42  Terran Infantry Weapons Level 3  
  179  10:46  Liberator  
  179  10:48  Marine  
  179  10:49  Marauder  
  168  10:50  Siege Tank x2  
  168  10:51  Marine  
  168  10:52  Marauder  
  168  10:54  Marine x3  
  177  11:00  Marauder  
  177  11:01  Terran Infantry Armor Level 3  
  182  11:04  Marine x2  
  182  11:10  Marauder  
  184  11:15  Marine  
  184  11:16  Marauder  
  152  11:20  Medivac  
  152  11:22  Siege Tank  
  144  11:26  Siege Tank  
  144  11:28  Marine x2, Marauder  
  144  11:31  Marine  
  144  11:32  SCV x3, Planetary Fortress, Marauder  
  154  11:35  Marine  
  154  11:36  Marine x2  
  156  11:46  Medivac  
  158  11:50  Medivac  
  167  11:54  Ghost x2  
  167  11:55  Ghost, Marine x3  
  167  11:56  Marine x2  
  167  11:57  Marine  
  167  11:59  Siege Tank  
  173  12:05  Barracks Tech Lab  
  173  12:12  Refinery x2  
  173  12:14  Terran Vehicle Weapons Level 2  
  173  12:23  Ghost  
  173  12:26  Ghost  
  173  12:27  Ghost  
  178  12:35  Ghost  
  180  12:43  Medivac x2  
  181  12:48  Siege Tank  
  175  13:00  Ghost  
  175  13:01  Marine x3, Command Center  
  175  13:02  Marine x3, Command Center, Marauder  
  175  13:03  Marine  
  186  13:07  Marine, Marauder  
  188  13:13  Medivac x2  
  190  13:20  Marine, Marauder  
  191  13:32  Ghost x2  
  191  13:33  Marine  
  196  13:39  Marine  
  196  13:40  Marauder  
  199  13:46  Personal Cloaking  
  198  13:49  Ghost Academy  
  184  13:56  Ghost  
  184  13:57  Marine  
  184  13:59  Marine x3  
  184  14:00  Ghost  
  184  14:01  Ghost  
  180  14:04  Siege Tank x2  
  180  14:07  Medivac x2  
  180  14:09  Ghost  
  170  14:10  Marine x2  
  170  14:14  Orbital Command x2  
  171  14:18  Marine  
  171  14:20  Nuke  
  171  14:21  Missile Turret x2  
  172  14:25  Ghost, Marine  
  172  14:26  Missile Turret  
  172  14:29  Ghost x2  
  179  14:37  Siege Tank  
  179  14:38  Ghost, Siege Tank  
  178  14:39  Marine  
  178  14:45  Marine  
  178  14:48  Marine x2  
  178  14:49  Marine  
  181  14:53  Sensor Tower  
  181  14:54  Marauder  
  181  14:58  Marauder x2  
  187  15:01  Marine  
  187  15:03  Marine  
  187  15:05  Command Center  
  187  15:06  Ghost  
  189  15:08  Marine  
  189  15:12  Nuke  
  191  15:14  Marine  
  191  15:15  Ghost  
  191  15:16  Marine  
  191  15:19  Missile Turret  
  191  15:20  Marauder x2  
  192  15:34  Marine  
  188  15:36  Marauder  
  188  15:37  Siege Tank x2  
  188  15:38  Marine  
  188  15:39  Unknown x6  
  188  15:41  Marauder x2  
  188  15:42  Marine  
  170  15:44  Marauder  
  170  15:46  Marine  
  142  15:51  Marine  
  134  15:57  Marauder  
  134  15:58  Marine x2  
  134  16:02  Marauder  
  134  16:03  Marauder  
  135  16:05  Marine x3  
  135  16:06  Marauder  
  135  16:08  Marine  
  135  16:09  Siege Tank x2  
  143  16:16  Marine x3  
  143  16:18  Marine, Marauder  
  149  16:23  Ghost  
  149  16:24  Marine, Marauder  
  154  16:26  Ghost  
  154  16:42  Marine x2  
  154  16:43  Marine  
  154  16:44  Marine  
  154  16:45  Marauder  
  154  16:46  Marine  
Show
View Real Time Build Order
Export as new Build Order

Snute Zerg - Winner!

Build Orders: Hatch First 

Get SALT Encoding   

  12  0:00  Drone  
  13  0:12  Overlord  
  13  0:17  Drone  
  14  0:30  Drone x2  
  14  0:34  Drone  
  17  0:51  Hatchery  
  17  0:53  Drone  
  17  0:57  Drone  
  17  1:00  Extractor  
  17  1:12  Spawning Pool  
  17  1:15  Drone  
  17  1:18  Drone  
  18  1:28  Drone  
  19  1:38  Overlord  
  19  1:49  Drone  
  20  1:58  Queen  
  20  1:59  Metabolic Boost  
  22  2:03  Queen  
  22  2:04  Zergling x2  
  22  2:06  Zergling x2  
  26  2:10  Drone  
  26  2:14  Drone  
  28  2:21  Drone  
  29  2:25  Drone  
  30  2:33  Drone  
  30  2:36  Queen  
  33  2:43  Overlord  
  33  2:44  Zergling x2  
  33  2:46  Zergling x2  
  34  2:53  Zergling x2  
  35  2:58  Overlord  
  35  3:09  Drone x5  
  40  3:14  Drone x3  
  40  3:18  Overlord  
  43  3:25  Overlord  
  43  3:31  Drone  
  44  3:38  Drone x4  
  44  3:39  Queen x2  
  50  3:41  Drone  
  49  3:53  Zergling x8  
  49  3:54  Extractor  
  52  3:57  Overlord  
  52  4:01  Hatchery  
  52  4:03  Drone  
  52  4:06  Drone  
  52  4:07  Drone x2  
  52  4:08  Drone  
  57  4:14  Drone  
  58  4:18  Queen x2  
  58  4:19  Drone  
  63  4:28  Evolution Chamber  
  63  4:29  Drone x4  
  63  4:30  Evolution Chamber  
  65  4:32  Drone  
  65  4:35  Drone x3  
  65  4:37  Zergling x2  
  70  4:41  Overlord  
  70  4:51  Zergling x2  
  71  4:54  Queen, Zerg Ground Armor Level 1  
  71  4:56  Zerg Missile Weapons Level 1  
  73  5:00  Zergling x4  
  73  5:03  Drone x3  
  78  5:08  Overlord  
  73  5:15  Drone x2  
  73  5:19  Drone  
  73  5:20  Drone  
  75  5:24  Drone  
  75  5:28  Drone  
  76  5:31  Drone, Extractor  
  76  5:34  Lair  
  76  5:35  Extractor  
  75  5:37  Drone, Extractor  
  75  5:41  Drone x2  
  77  5:46  Drone  
  77  5:47  Hatchery  
  77  5:49  Drone  
  78  5:52  Drone x3  
  78  5:53  Baneling Nest  
  78  5:54  Drone x2  
  78  5:55  Drone x2  
  84  5:58  Extractor x2  
  84  6:00  Drone x4  
  86  6:04  Zergling x2  
  86  6:05  Zergling x2  
  86  6:09  Zergling x2  
  86  6:11  Queen x2  
  89  6:13  Zergling x2  
  89  6:16  Zergling x2  
  95  6:21  Zergling x6  
  98  6:26  Hatchery  
  98  6:27  Overlord x3  
  97  6:36  Centrifical Hooks  
  97  6:37  Infestation Pit, Hydralisk Den  
  95  6:43  Zergling x6  
  95  6:46  Queen  
  95  6:47  Queen  
  98  6:49  Spore Crawler  
  98  6:50  Zerg Ground Armor Level 2  
  98  6:51  Zerg Melee Weapons Level 1  
  101  6:56  Zergling x18  
  103  7:10  Hydralisk x6  
  114  7:17  Hive  
  114  7:19  Drone x4  
  114  7:20  Drone  
  114  7:22  Drone x2  
  121  7:40  Overlord  
  121  7:41  Drone  
  121  7:42  Drone x12  
  121  7:43  Overlord  
  133  7:45  Overlord  
  133  7:47  Overlord  
  133  7:48  Drone  
  133  7:55  Overlord x2  
  133  7:56  Hydralisk  
  133  7:57  Hydralisk  
  134  8:02  Overlord  
  134  8:03  Hydralisk  
  134  8:04  Extractor, Hydralisk  
  137  8:09  Overlord x2  
  137  8:11  Overlord  
  137  8:13  Hydralisk, Grooved Spines  
  137  8:18  Zergling x12  
  145  8:26  Zergling x14  
  152  8:30  Baneling  
  152  8:31  Baneling x7  
  152  8:32  Baneling  
  152  8:34  Ultralisk Cavern  
  152  8:35  Hydralisk x2  
  153  8:44  Zergling x4  
  153  8:45  Zergling x20  
  153  8:47  Zerg Melee Weapons Level 2  
  164  9:00  Overlord  
  164  9:05  Viper x2  
  173  9:12  Zerg Ground Armor Level 3  
  170  9:17  Extractor  
  170  9:19  Hydralisk x2  
  170  9:23  Chitinous Plating  
  173  9:24  Zergling x12  
  173  9:25  Zergling x18  
  173  9:27  Hatchery  
  187  9:33  Baneling  
  187  9:34  Baneling x10  
  185  9:44  Overlord  
  186  9:52  Ultralisk  
  186  9:59  Spore Crawler  
  185  10:00  Spore Crawler, Hydralisk  
  185  10:01  Spore Crawler, Hydralisk x5  
  195  10:22  Adrenal Glands  
  195  10:26  Zergling x10  
  199  10:35  Baneling x14  
  199  10:36  Baneling x5  
  188  10:47  Ultralisk  
  188  10:49  Zergling x8  
  188  10:50  Zergling x30  
  198  10:58  Zergling x4  
  200  11:05  Zerg Melee Weapons Level 3  
  198  11:18  Hydralisk x5  
  177  11:21  Hatchery, Zergling x32  
  177  11:22  Zergling x2  
  193  11:26  Queen x2  
  193  11:30  Hydralisk x2  
  193  11:32  Muscular Augments  
  190  11:41  Viper  
  190  11:42  Viper  
  196  11:48  Zerg Missile Weapons Level 2  
  196  11:51  Baneling x13  
  196  12:00  Hydralisk x2  
  200  12:09  Baneling x7  
  200  12:10  Baneling x4  
  200  12:32  Spore Crawler x2  
  198  12:41  Spore Crawler x2, Zergling x16  
  196  12:53  Drone x2  
  196  12:54  Drone x4  
  196  12:57  Zergling x2  
  196  12:58  Zergling x6  
  200  12:59  Pneumatized Carapace  
  200  13:00  Overseer x4  
  200  13:01  Overseer x2  
  200  13:04  Extractor  
  199  13:08  Zergling x2  
  191  13:21  Spire  
  187  13:30  Spore Crawler  
  187  13:32  Spore Crawler  
  187  13:33  Spore Crawler  
  182  13:34  Drone  
  182  13:35  Drone x3  
  188  13:41  Ultralisk x2  
  188  13:42  Zergling x4  
  188  13:43  Zergling x8  
  189  14:02  Ultralisk x2  
  190  14:08  Zergling x16  
  190  14:09  Zergling x4  
  200  14:12  Zerg Missile Weapons Level 3  
  200  14:16  Baneling  
  200  14:17  Baneling x6  
  200  14:22  Hatchery  
  199  14:24  Zergling x2  
  188  14:46  Zergling x18  
  188  14:47  Zergling x4  
  188  14:49  Greater Spire  
  199  15:01  Drone  
  167  15:36  Ultralisk x3  
  167  15:37  Ultralisk  
  173  15:44  Hydralisk  
  173  15:45  Hydralisk x9  
  173  15:46  Hydralisk x4  
  173  15:49  Zergling x12  
  200  15:50  Zergling x2  
  200  15:55  Hydralisk x3  
  190  16:01  Ultralisk  
  190  16:12  Baneling x2, Zergling x2  
  190  16:13  Zergling x18  
  190  16:15  Baneling x12  
  200  16:19  Overseer x2  
  200  16:34  Hatchery  

Tags
 
Add a new tag
Caveats
  • Supply blocks, unpowered buildings, or Contaminate may cause inaccurate times.
  • Supply counts are checked every 10 seconds.